 Dungeon Crawl Stone Soup version 0.27-a0-562-g0d39f094a4 (webtiles) character file.

Game seed: 6478303648165005707

51 porpoise the Skirmisher (level 3, -3/34 HPs)
             Began as a Minotaur Delver on Mar 9, 2021.
             Slain by a worker ant (5 damage)
             ... on level 4 of the Dungeon.
             The game lasted 00:01:12 (116 turns).

porpoise the Skirmisher (Minotaur Delver)            Turns: 116, Time: 00:01:13

Health: -3/34      AC:  3    Str: 17    XL:     3   Next: 57%
Magic:  2/2        EV: 11    Int:  7    God:
Gold:   0          SH:  0    Dex: 11    Spells: 2/2 levels left

rFire    . . .     SeeInvis .   a - +0 mace
rCold    . . .     Faith    .   (no shield)
rNeg     . . .     Spirit   .   b - +0 leather armour
rPois    .         Reflect  .   (helmet restricted)
rElec    .         Harm     .   (no cloak)
rCorr    .         Rampage  .   (no gloves)
Will     .....                  (no boots)
Stlth    ++........             (no amulet)
HPRegen  0.11/turn              (no ring)
MPRegen  0.08/turn              (no ring)

@: lethally poisoned (-3 -> -7), hasted, very quick
A: horns 2, retaliatory headbutt
a: no special abilities


You were on level 4 of the Dungeon.
You visited 1 branch of the dungeon, and saw 2 of its levels.

Inventory:

Hand Weapons
 a - a +0 mace (weapon)
Armour
 b - a +0 leather armour (worn)
Wands
 g - a wand of digging (3)
Scrolls
 c - a scroll of fog
 d - a scroll of magic mapping
 e - a scroll of fear


   Skills:
 + Level 4.7 Fighting
 + Level 3.8 Maces & Flails
 - Level 2.1 Dodging
 - Level 4.1 Stealth


You had 2 spell levels left.
You didn't know any spells.
Your spell library was empty.

Dungeon Overview and Level Annotations

Branches:
Dungeon (5/15)
 Temple: D:4-7

Altars:


Innate Abilities, Weirdness & Mutations

You have a pair of horns on your head.
You reflexively headbutt those who attack you in melee.


Message History

The orc wizard is heavily wounded.
The orc wizard barely misses you.
You thump the orc wizard! You headbutt the orc wizard.
You kill the orc wizard!
Your Fighting skill increases to level 4!
Your Maces & Flails skill increases to level 3!
You have reached level 2!
You feel yourself speed up. The iguana bites you.
You hit the iguana.
The iguana is moderately wounded.
The iguana misses you.
You closely miss the iguana.
You headbutt the iguana, but do no damage.
The iguana is moderately wounded.
The iguana bites you.
You hit the iguana. You headbutt the iguana.
The iguana is severely wounded.
The iguana closely misses you. You furiously retaliate!
You headbutt the iguana. You hit the iguana but do no damage.
You headbutt the iguana.
The iguana is almost dead.
The iguana bites you.
* * * LOW HITPOINT WARNING * * *
You closely miss the iguana.
The iguana is almost dead.
You hit the iguana.
You kill the iguana!
You have reached level 3!
Your experience leads to an increase in your attributes!
Increase (S)trength, (I)ntelligence, or (D)exterity?
You feel stronger.
You hit the worker ant but do no damage.
The worker ant bites you.
* * * LOW HITPOINT WARNING * * *
You are lethally poisoned!
The worker ant poisons you!
You closely miss the worker ant. Your headbutt misses the worker ant.
* * * LOW HITPOINT WARNING * * *
You feel sick. The worker ant bites you.
You die...

######################
#..........?.B@.......
#..##...#....####.....
#.###...#....# ...
#.###..##....# .
#......###..B..
#)....## #...#B.
#...### #$..#.l. #.###
##..# S. #..


You could see a worker ant.

Vanquished Creatures
  An iguana (D:4)
  An orc wizard (D:4)
  A giant cockroach (D:5)
3 creatures vanquished.

Notes
Turn   | Place    | Note
-------+----------+-------------------------------------------
     0 | D:5      | porpoise the Minotaur Delver began the quest for the Orb.
     0 | D:5      | Reached XP level 1. HP: 19/19 MP: 0/0
    15 | D:5      | Noticed a kobold brigand
    17 | D:5      | Noticed a kobold brigand
    21 | D:5      | Noticed a scorpion
    96 | D:4      | Noticed an orc wizard
    98 | D:4      | Noticed a worker ant
    98 | D:4      | Noticed an iguana
   107 | D:4      | Killed an orc wizard
   108 | D:4      | Reached XP level 2. HP: 20/28 MP: 1/1
   115 | D:4      | Reached XP level 3. HP: 5/34 MP: 2/2
   116 | D:4      | Slain by a worker ant

Illustrated notes

Levels and vault maps discovered:
D:4:      minmay_recursive_quarters, layout_cave_pools,
          minmay_temple_entry_trees, serial_shops, shop_fountains,
          kennysheep_little_box, shop_statue, nicolae_shop_waterfront,
          nicolae_shop_statue_plus
D:5:      cheibrodos_thug_alley, layout_basic, uniq_ijyb, uniq_duvessa

Skill      XL: |  1 |
---------------+----+-----
Fighting       | 4 |  4.7
Maces & Flails | 3 |  3.8
Dodging        | |  2.1
Stealth        | |  4.1

Action                   || total
-------------------------++-------
Melee: Mace              ||    13
       Headbutt          ||     5
  Use: Potion            ||     1
 Stab: Sleeping          ||     1
Armor: Leather armour    ||     1
Dodge: Dodged            ||     4

Table legend: (Time is in decaauts)
 A = Elapsed time spent in this place.
 B = Non-inter-level travel time spent in this place.
 C = Inter-level travel time spent in this place.
 D = Time resting spent in this place.
 E = Time spent auto-exploring this place.
 F = Levels seen in this place.
 G = Mean time per level.
                   A        B        C        D        E       F      G
               +--------+--------+--------+--------+--------+-----+--------+
         Total |    115 |    115 |      0 |     10 |      0 |   2 |   57.5 |
       Dungeon |    115 |    115 |      0 |     10 |      0 |   2 |   57.5 |
               +--------+--------+--------+--------+--------+-----+--------+

Top non-repeatable levels by time:
     D:5: 82 daAuts
     D:4: 32 daAuts
